 Dungeon Crawl Stone Soup version 0.31-a0-544-gceb718ecc6 (webtiles) character file.

Game seed: 16953439404033652640

2493982 Ofeo the Conqueror (level 27, 273/273 HPs)
             Began as a White Draconian Brigand on Aug 15, 2023.
             Was the Champion of Okawaru.
             Escaped with the Orb
             ... and 4 runes!
             The game lasted 02:12:22 (63349 turns).

Ofeo the Conqueror (White Draconian Brigand)       Turns: 63349, Time: 02:12:22

Health: 273/273    AC: 22    Str: 15    XL:     27
Magic:  28/28      EV: 38    Int: 14    God:    Okawaru [******]
Gold:   5136       SH:  4    Dex: 35    Spells: 8/26 levels left

rFire   . . .        J - +12 pair of quick blades "Gyre" and "Gimble" {protect}
rCold   + . .        (shield currently unavailable)
rNeg    . . .        (body armour unavailable)
rPois   +            i - +1 hat "Pelilo" {rPois rCorr}
rElec   +            T - scarf of the Beggar {repulsion, rF+ Will+}
rCorr   +            u - +0 pair of gloves of Intercession {Fly Slay+3}
SInv    .            C - +2 pair of boots of Shadows and Fog {rCorr Dex+3}
Will    +++..        B - amulet of Vitality {RegenMP++ Regen++}
Stlth   +++          F - +4 ring of protection
HPRegen 2.25/turn    L - ring of the Immovable Mice {rElec Int+3 Dex+6}
MPRegen 1.01/turn

%: repel missiles
@: maw-form, flying, studying 2 skills
A: devouring maw, breathe frost, AC +13, unfitting armour, cold resistance 1,
cold-blooded, large bone plates 1, thin skeletal structure 1, dopey 1, low MP 2,
heat vulnerability 1, inability to read after injury 1
0: Orb of Zot
}: 4/15 runes: decaying, slimy, silver, gossamer
a: Breathe Frost, Begin Untransformation, Renounce Religion, Heroism, Finesse,
Duel


You escaped.
You worshipped Okawaru.
Okawaru was exalted by your worship.
You were a creature with a mouth for a stomach.
You visited 11 branches of the dungeon, and saw 53 of its levels.
You visited the Abyss 1 time.
You also visited: Trove and Bailey.

You collected 8478 gold pieces.
You spent 3342 gold pieces at shops.

Inventory:

Hand Weapons
 b - the +9 rapier "Dami" {speed, *Noise rElec rC++}
   (You found it on level 2 of the Swamp)

   rC++:      It greatly protects you from cold.
   rElec:     It insulates you from electricity.
   *Noise:    It may make a loud noise when swung.
 c - a +5 demon blade
 o - a +2 quick blade of electrocution
 J - the +12 pair of quick blades "Gyre" and "Gimble" (weapon) {protect}
   (You found it on level 11 of the Dungeon)
Missiles
 d - 17 curare-tipped darts
 n - 2 throwing nets
 M - 8 javelins
 X - 9 silver javelins
Armour
 i - the +1 hat "Pelilo" (worn) {rPois rCorr}
   (Okawaru gifted it to you on level 4 of the Depths)

   rPois:     It protects you from poison rCorr: It protects you from acid and
   corrosion.
 u - the +0 pair of gloves of Intercession (worn) {Fly Slay+3}
   (You found it on level 2 of the Dungeon)

   Slay+3:    It affects your accuracy & damage with ranged weapons and melee
   (+3).
   Fly:       It grants you flight.
 C - the +2 pair of boots of Shadows and Fog (worn) {rCorr Dex+3}
   (Okawaru gifted it to you on level 2 of the Elven Halls)

   Dex+3:     It affects your dexterity (+3).
   rCorr:     It protects you from acid and corrosion.
 T - the scarf of the Beggar (worn) {repulsion, rF+ Will+}
   (Okawaru gifted it to you on level 1 of the Depths)

   rF+:       It protects you from fire.
   Will+:     It increases your willpower.
Jewellery
 x - the amulet "Gidecuuzec" {Spirit rN+ Will+ Dex+3}
   (You found it on level 3 of the Elven Halls)

   [amulet of guardian spirit]

   Spirit:    It causes incoming damage to be divided between your reserves of
   health and magic.
   Dex+3:     It affects your dexterity (+3).
   rN+:       It protects you from negative energy.
   Will+:     It increases your willpower.
 B - the amulet of Vitality (around neck) {RegenMP++ Regen++}
   (You found it in a treasure trove)

   [amulet of magic regeneration]

   RegenMP:   It increases your rate of magic regeneration.
   Regen++:   It increases your rate of health regeneration.
 F - a +4 ring of protection (left hand)
 H - the ring of Basom {rPois rF+ rC+ MP+9 Stlth+}
   (You bought it in a shop on level 1 of the Vaults)

   [ring of poison resistance]

   rF+:       It protects you from fire.
   rC+:       It protects you from cold.
   rPois:     It protects you from poison MP+9: It affects your magic capacity
   (+9).
   Stlth+:    It makes you more stealthy.
 L - the ring of the Immovable Mice (right hand) {rElec Int+3 Dex+6}
   (You found it on level 2 of the Orcish Mines)

   [ring of dexterity]

   Int+3:     It affects your intelligence (+3).
   Dex+6:     It affects your dexterity (+6).
   rElec:     It insulates you from electricity.
 N - the ring "Nipe" {*Corrode +Blink rF+ Int+2 Dex+6}
   (You found it in a treasure trove)

   [ring of dexterity]

   Int+2:     It affects your intelligence (+2).
   Dex+6:     It affects your dexterity (+6).
   rF+:       It protects you from fire.
   +Blink:    It lets you blink.
   *Corrode:  It may corrode you when you take damage.
 S - the dreamshard necklace {Acrobat *Dream}
   (You took it off a deep elf death mage on level 3 of the Elven Halls)

   [amulet of the acrobat]

   *Dream:    It absorbs a single lethal wound into itself, holding its wearer
   just short of death and releasing dream-creatures to guard them.
   Acrobat:   It increases your evasion while moving and waiting.
Wands
 f - a wand of mindburst (34)
 y - a wand of paralysis (93)
 A - a wand of digging (35) {@v1}
 K - a wand of roots (92)
 Z - a wand of acid (48) {@v2}
Scrolls
 j - 12 scrolls of poison
 k - 9 scrolls of fear
 t - 7 scrolls of immolation
 w - 7 scrolls of enchant armour
 z - 24 scrolls of teleportation {@r3}
 E - 8 scrolls of blinking {@r4}
 P - 10 scrolls of enchant weapon
 Q - 4 scrolls of revelation
 V - 2 scrolls of silence
 W - 6 scrolls of fog
Potions
 a - 7 potions of ambrosia
 e - 4 potions of enlightenment
 g - 6 potions of attraction
 h - 8 potions of heal wounds {@q2}
 l - a potion of mutation
 m - 4 potions of might {@q4}
 q - 34 potions of curing {@q1}
 r - 5 potions of resistance {@q6}
 s - 4 potions of haste {@q3}
 v - 14 potions of brilliance
 I - a potion of invisibility
 R - 4 potions of berserk rage
 U - 10 potions of cancellation
 Y - 3 potions of magic
Miscellaneous
 p - a lightning rod (4/4)
 D - a phial of floods
 G - a phantom mirror
 O - a tin of tremorstones (2/2)


   Skills:
 O Level 27 Fighting
 - Level 7.3(14.0) Short Blades
 - Level 18.4(18.9) Long Blades
 - Level 4.5 Throwing
 + Level 19.2 Dodging
 - Level 12.0 Stealth
 - Level 8.0 Necromancy
 - Level 10.0 Translocations
 - Level 6.0 Transmutations
 - Level 4.0 Air Magic
 - Level 6.0 Earth Magic
 - Level 16.0 Invocations
 - Level 12.5 Evocations
 - Level 18.0 Shapeshifting


You had 8 spell levels left.
You knew the following spells:

 Your Spells              Type           Power      Damage    Failure   Level
a - Apportation           Tloc           56%        N/A       1%          1
b - Vhi's Electric Charg  Tloc/Air       38%        N/A       4%          3
c - Wereblood             Tmut           16%        N/A       3%          2
d - Borgnjor's Vile Clut  Necr/Erth      9%         N/A       41%         5
e - Manifold Assault      Tloc           28%        N/A       4%          4
f - Swiftness             Air            11%        N/A       17%         3

Your spell library contained the following spells:

 Spells                   Type           Power      Damage    Failure   Level
 Blink                    Tloc           56%        N/A       1%          2
 Lesser Beckoning         Tloc           56%        N/A       1%          2
 Gell's Gravitas          Tloc           28%        N/A       1%          3
 Teleport Other           Tloc           28%        N/A       1%          3
 Passwall                 Tmut/Erth      13%        N/A       3%          2
 Vampiric Draining        Necr           22%        2d7       3%          3
 Passage of Golubria      Tloc           28%        N/A       4%          4
 Kiss of Death            Conj/Necr      44%        2d8       5%          1
 Momentum Strike          Conj/Tloc      28%        3d8       5%          2
 Sting                    Tmut/Pois      32%        1d4       9%          1
 Cigotuvi's Dreadful Rot  Necr/Pois/Air  22%        N/A       9%          2
 Portal Projectile        Hex/Tloc       28%        N/A       11%         3
 Volatile Blastmotes      Fire/Tloc      28%        2d12      11%         3
 Dispel Undead            Necr           22%        3d12      11%         4
 Foxfire                  Conj/Fire      0%         2x1d4     28%         1
 Magic Dart               Conj           0%         1d3       28%         1
 Slow                     Hex            0%         N/A       28%         1
 Agony                    Necr           22%        N/A       30%         5
 Ignite Poison            Fire/Tmut/Pois 5%         N/A       36%         3
 Iskenderun's Mystic Bla  Conj/Tloc      14%        2d5       36%         4
 Ensorcelled Hibernation  Hex/Ice        0%         N/A       41%         2
 Scorch                   Fire           0%         2d5       41%         2
 Anguish                  Hex/Necr       5%         N/A       50%         4
 Lee's Rapid Deconstruct  Erth           8%         3d7*      56%         5
 Dispersal                Tloc           14%        N/A       58%         6
 Leda's Liquefaction      Hex/Erth       4%         N/A       63%         4
 Confusing Touch          Hex            0%         N/A       65%         3
 Dazzling Flash           Conj/Hex       0%         N/A       65%         3
 Ozocubu's Armour         Ice            0%         N/A       65%         3
 Alistair's Intoxication  Tmut/Pois      5%         N/A       93%         5
 Irradiate                Conj/Tmut      4%         3d13      93%         5
 Yara's Violent Unravell  Hex/Tmut       4%         3d4       93%         5
 Flame Wave               Conj/Fire      0%         2d4       96%         4
 Fulminant Prism          Conj/Hex       0%         3d5       96%         4
 Arcjolt                  Conj/Air       2%         1d12      98%         5
 Silence                  Hex/Air        2%         N/A       98%         5
 Metabolic Englaciation   Hex/Ice        0%         N/A       100%        5
 Eringya's Noxious Bog    Tmut/Pois      4%         4d6       100%        6
 Leda's Unmaking          Conj/Erth      4%         9d2       100%        6
 Plasma Beam              Fire/Air       2%         2x1d12    100%        6
 Orb of Destruction       Conj           0%         9d5       100%        7
 Disjunction              Tloc           14%        N/A       100%        8
 Lehudib's Crystal Spear  Conj/Erth      4%         10d3      100%        8
 Maxwell's Capacitive Co  Air            5%         ∞         100%        8
 Chain Lightning          Conj/Air       2%         3d3       100%        9
 Fire Storm               Conj/Fire      0%         5d1       100%        9
 Shatter                  Erth           8%         3d10*     100%        9
 Call Canine Familiar     Summ           Unusable   N/A       N/A         3
 Summon Guardian Golem    Hex/Summ       Unusable   N/A       N/A         3
 Tukima's Dance           Hex            Unusable   N/A       N/A         3
 Death Channel            Necr           Unusable   N/A       N/A         6
 Simulacrum               Ice/Necr       Unusable   N/A       N/A         6
 Summon Cactus Giant      Summ           Unusable   N/A       N/A         6
 Malign Gateway           Summ/Tloc      Unusable   N/A       N/A         7
 Spellforged Servitor     Conj/Summ      Unusable   N/A       N/A         7
 Infestation              Necr           Unusable   N/A       N/A         8

Dungeon Overview and Level Annotations

Branches:
Dungeon (15/15)            Temple (1/1) D:5            Lair (5/5) D:8
  Swamp (4/4) Lair:2       Spider (4/4) Lair:2        Slime (5/5) Lair:5
    Orc (2/2) D:11            Elf (3/3) Orc:2        Vaults (5/5) D:14
  Crypt (0/3) Vaults:2     Depths (4/4) D:15            Zot (5/5) Depths:4
 Bailey (visited)

Altars:
Ashenzari
Cheibriados
Dithmenos
Elyvilon
Fedhas
Gozag
Hepliaklqana
Kikubaaqudgha
Makhleb
Nemelex Xobeh
Okawaru
Qazlal
Ru
Sif Muna
Trog
Uskayaw
Vehumet
Wu Jian
Xom
Yredelemnul
Zin
The Shining One
Jiyva
Lugonu

Shops:
D:6 (   D:13 ?   Orc:2 [:?*   Vaults:1 [[*(*   Depths:1 [[   Depths:4 :

Portals:
Hell: Depths:1 Depths:2 Depths:3 Depths:4
Abyss: Lair:5 Depths:1 Depths:2 Depths:3 Depths:4
Pandemonium: Depths:1 Depths:2 Depths:3 Depths:4
Ziggurat: Depths:2


Innate Abilities, Weirdness & Mutations

You are a creature with a mouth for a stomach.
Your midsection houses a second, enormous mouth.
You can breathe waves of freezing cold which knock back foes.
Your icy white scales are hard. (AC +13)
You cannot fit into any form of body armour.
Your flesh is cold resistant. (rC+)
You are cold-blooded and may be slowed by cold attacks.
You are partially covered in large bone plates. (SH +4)
You have a somewhat thin skeletal structure. (Dex +2, Stealth+)
You are dopey. (Int -2)
Your magical capacity is very low. (-20% MP)
You are vulnerable to heat. (rF-)
You occasionally lose the ability to read scrolls when taking damage.


Message History

The hell hound barks!
A hell hound comes into view. x2
The hell hound barks!
You puncture the hell hound!
Your weapon exudes an aura of protection.
You bite the hell hound!
You kill the hell hound!
Okawaru accepts your kill.
You see here a hell hound corpse.
The hell hound completely misses you. The hell hound misses you.
You impale the hell hound!! You completely miss the hell hound.
You tail-slap the hell hound. You bite the hell hound.
You devour the hell hound!
You feel better.
You kill the hell hound!
Okawaru accepts your kill.
You impale the hell hound!! You tail-slap the hell hound.
You puncture the hell hound!
You kill the hell hound!
Okawaru accepts your kill. The hell hound misses you.
You puncture the hell hound! You impale the hell hound!!
You kill the hell hound!
Okawaru accepts your kill.
No target in view!
No target in view!
No target in view!
No target in view!
No target in view!
No target in view!
No target in view!
No target in view!
No target in view!
No target in view!
No target in view!
No target in view!
Things that are here:
2 stones; a +0 short sword
There is an escape hatch in the floor here.
There is a staircase leading out of the dungeon here.
You have escaped!

#......# #.### #
#####..###...####
##.....#.....
#####.####.. #.# ##.
#####.# #.
#.....#####.
##########.......##..
#...W>.##.....##.##.#
#.#####.......(......
#..................†#
#########.##.........
##.##.......##
#..##.......##
#.########...# #.#
#...... #.# #......


There were no monsters in sight!

Vanquished Creatures
  the Royal Jelly (Slime:5)
  Dissolution (Slime:3)
  3 dread liches (Zot:5)
  4 ancient liches
  6 orbs of fire
  A juggernaut (Depths:4)
  The ghost of Fatiu the Portalist, a master DjIE of Makhleb (Depths:1)
  3 pandemonium lords
  7 Killer Klowns (Zot:5)
  Boris (Depths:3)
  Frederick (Vaults:3)
  Saint Roka (Depths:3)
  10 golden dragons
  Norris (Depths:3)
  3 Tzitzimimeh
  4 electric golems
  An iron giant (Depths:1)
  An Ice Fiend (D:12)
  Rupert (D:15)
  21 tentacled monstrosities
  31 Orb Guardians
  A walking earthen tome (Depths:2)
  6 quicksilver dragons
  4 liches
  4 deep elf master archers (Elf:3)
  8 sphinxes
  3 deep elf blademasters (Elf:3)
  2 walking divine tomes
  Gastronok (Lair:2)
  15 acid blobs
  9 titans (Vaults:5)
  14 shadow dragons
  7 tengu reavers
  9 death cobs
  A thorn hunter (Swamp:4)
  The ghost of bahustanut the Fighter, a journeyman OgGl of Okawaru (Orc:2)
  16 storm dragons
  2 revenants (Depths:2)
  A fenstrider witch (shapeshifter) (Vaults:1)
  5 fenstrider witches (Swamp:4)
  4 azure jellies
  9 draconian knights
  10 rockslimes
  The ghost of Demosthentine the Brooding, an adept DsGl of Hepliaklqana (Swamp:2)
  8 deep elf sorcerers
  24 vault wardens
  8 draconian monks
  11 fire giants
  2 orc warlords
  2 emperor scorpions (Spider:4)
  9 draconian scorchers
  7 ghost moths
  9 frost giants
  6 draconian shifters
  5 deep elf elementalists (Elf:3)
  A ghoul (Swamp:4)
  2 iron dragons
  A curse skull (Vaults:2)
  5 quicksilver oozes
  3 formless jellyfish
  3 cacodemons
  6 war gargoyles
  6 very ugly things
  A caustic shrike skeleton (Depths:2)
  4 broodmothers
  6 draconian stormcallers
  17 ironbound preservers
  5 draconian annihilators
  17 stone giants
  9 ironbound thunderhulks
  8 vampire knights
  Nessos (D:15)
  The ghost of Etoax the Protected, a journeyman GrFi of Okawaru (Orc:1)
  A bunyip (Swamp:4)
  17 black draconians
  12 green draconians
  14 deep elf demonologists
  A starcursed mass (Abyss:2)
  9 red draconians
  5 eleionomae
  11 dire elephants
  13 yellow draconians
  13 deep elf annihilators
  10 spark wasps
  An eidolon (Vaults:2)
  13 purple draconians
  14 white draconians
  16 ettins
  13 fire dragons
  10 deep elf death magi
  3 blizzard demons
  3 jiangshi
  7 entropy weavers
  Fannar (Lair:2)
  A crystal guardian (Vaults:3)
  2 green deaths
  5 shambling mangroves
  15 deep elf high priests
  12 great orbs of eyes
  A quicksilver dragon skeleton (Depths:2)
  10 yaktaur captains
  3 spriggan zombies
  3 peacekeepers (Vaults:3)
  17 hydras
  7 ice dragons
  A jorogumo (Spider:1)
  3 ogre magi
  33 vault guards
  6 ironbound frosthearts
  Erica (Lair:1)
  2 rakshasas
  9 boulder beetles
  2 ghost crabs (Swamp:3)
  A sphinx zombie (Depths:2)
  5 centaur warriors
  3 spriggan air magi
  6 alligators
  7 two-headed ogres
  A radroach (Spider:4)
  2 two-headed ogres (shapeshifter)
  5 death yaks (Lair:4)
  7 tengu warriors
  5 deep troll earth magi
  33 dancing weapons
  8 spriggan berserkers
  7 demonic crawlers
  A vampire mage (Depths:3)
  3 thrashing horrors (Lair:5)
  Nergalle (Lair:3)
  6 iron trolls
  8 hell knights
  Amaemon (Lair:3)
  6 skysharks
  2 soul eaters
  4 orc high priests
  4 skeletal warriors
  8 sun demons
  19 deep elf knights
  Sonja (Lair:1)
  2 death drakes (Swamp:4)
  5 pharaoh ants
  A golden dragon zombie (Depths:2)
  3 goliath frogs
  3 spark wasp zombies (Depths:2)
  A death drake (shapeshifter) (Vaults:5)
  2 sixfirhies
  7 orb spiders
  6 spriggan druids
  11 deep elf archers
  A shadow demon (D:8)
  2 flayed ghosts
  A glowing orange brain (Depths:4)
  5 swamp dragons
  Pikel (D:4)
  3 steelbarb worms (Spider:3)
  28 deep trolls
  A steelbarb worm (shapeshifter) (Vaults:5)
  10 orc knights
  24 deep elf zephyrmancers
  19 ironbound convokers
  10 lindwurms
  3 bog bodies
  A phantasmal warrior (Vaults:5)
  7 cyclopes
  6 harpies
  A cyclops (shapeshifter) (Vaults:5)
  A golden dragon skeleton (Depths:2)
  27 ugly things
  25 deep elf pyromancers
  A lindwurm (shapeshifter) (Vaults:5)
  12 wizards
  3 frost giant zombies
  7 shining eyes
  6 will-o-the-wisps
  18 wolf spiders
  7 manticores
  5 orc sorcerers
  7 necromancers
  A stone giant zombie (Depths:2)
  19 moths of wrath
  A fire giant zombie (Depths:2)
  A fire giant skeleton (Depths:2)
  Maurice (D:12)
  A frost giant skeleton (Depths:2)
  2 torpor snails
  An eye of devastation (Slime:5)
  6 rust devils
  6 black mambas
  A water nymph (shapeshifter) (Depths:2)
  9 orange demons
  3 smoke demons
  16 vault sentinels
  2 molten gargoyles (D:13)
  9 cane toads
  Maggie (Lair:1)
  3 kobold demonologists
  An unseen horror (D:12)
  A komodo dragon (shapeshifter) (Elf:3)
  12 komodo dragons
  A tengu conjurer (Depths:3)
  26 yaktaurs
  3 freezing wraiths
  3 rime drakes
  10 trolls
  An ancient zyme (Abyss:2)
  4 red devils
  2 queen bees (shapeshifter)
  10 tyrant leeches
  A meliai (D:14)
  13 tarantellas
  27 hornets
  7 hellwings
  2 polar bears
  A fire giant simulacrum (Depths:1)
  9 saltlings (Orc:2)
  19 blink frogs
  A jumping spider (shapeshifter) (Lair:5)
  3 raiju (Lair:5)
  12 dream sheep
  2 centaur simulacra (D:14)
  4 flying skulls (Depths:2)
  56 slime creatures
  14 jumping spiders
  Sigmund (D:3)
  5 air elementals
  2 shadows
  71 yaks
  A spriggan skeleton (Depths:2)
  16 spriggans
  5 fire elementals
  A wraith (D:13)
  16 culicivoras
  A culicivora (shapeshifter) (D:14)
  4 wyverns
  3 ynoxinuls
  2 water elementals (Elf:1)
  A steam dragon (D:6)
  10 basilisks
  13 chaos spawn
  16 vampire mosquitoes
  4 large abominations
  5 neqoxecs
  2 golden eyes
  51 redbacks
  4 acid dragons
  14 swamp worms
  5 wargs
  13 small abominations
  28 water moccasins
  6 hell hounds
  Duvessa (D:4)
  2 floating eyes
  A human skeleton (Depths:2)
  45 orc warriors
  A swamp drake (Swamp:4)
  3 sky beasts
  3 black bears
  3 ice beasts (D:6)
  12 wolves (Lair:3)
  A black bear (shapeshifter) (Vaults:5)
  A boggart (shapeshifter) (Vaults:5)
  4 boggarts (D:15)
  3 centaurs
  An ogre (Vaults:5)
  2 phantoms
  16 bullfrogs
  27 kobold brigands
  Blork the orc (D:4)
  4 scorpions
  An earth elemental (Elf:2)
  A necrophage (D:5)
  A wyvern zombie (D:5)
  18 wights
  Dowan (D:4)
  11 howler monkeys
  7 electric eels
  5 lava snakes (D:13)
  2 bullfrog zombies (D:5)
  4 quasits (Orc:2)
  5 hounds
  A human zombie (D:5)
  3 jellies (Lair:5)
  2 gnoll boudas
  18 orc priests
  An iron imp (Zot:3)
  Jessica (D:3)
  3 iguanas
  3 scorpion zombies (D:5)
  2 sleepcaps (D:6)
  Ijyb (D:5)
  Natasha (thrice) (D:3)
  10 orc wizards
  2 killer bee zombies (D:5)
  A hound zombie (D:5)
  A howler monkey zombie (D:5)
  22 gnolls
  A gnoll zombie (D:9)
  2 orc zombies (D:9)
  10 adders
  3 shadow imps
  3 white imps
  2 ufetubi
  4 worms
  2 dart slugs (D:2)
  90 orcs
  3 ball pythons
  4 bats
  5 endoplasms
  3 giant cockroaches
  14 goblins
  15 hobgoblins
  A quokka (D:3)
  3 training dummies (D:6)
  2 frilled lizards
  21 kobolds
  5 rats
2262 creatures vanquished.

Vanquished Creatures (others)
  A hydra (Swamp:4)
  A deep elf knight (Elf:2)
  A spriggan (Swamp:1)
  A deep elf zephyrmancer (Elf:1)
  A deep elf archer (Elf:1)
  2 bloated husks
  A hornet (Swamp:1)
  A vampire mosquito (Swamp:1)
  An orc warrior (Vaults:5)
  An orc wizard (Elf:1)
  An orc (Elf:1)
  8 foxfires
20 creatures vanquished.

Grand Total: 2282 creatures vanquished

Notes
Turn   | Place    | Note
-------+----------+-------------------------------------------
     0 | D:1      | Ofeo the Draconian Brigand began the quest for the Orb.
     0 | D:1      | Reached XP level 1. HP: 17/17 MP: 1/1
    18 | D:1      | Reached skill level 1 in Dodging
   144 | D:1      | Reached XP level 2. HP: 17/25 MP: 2/2
   732 | D:2      | Reached XP level 3. HP: 29/30 MP: 3/3
  1208 | D:2      | Identified the +0 pair of gloves of Intercession {Fly
                  | Slay+3}
  1561 | D:3      | Noticed Jessica
  1572 | D:3      | Killed Jessica
  1573 | D:3      | Reached skill level 1 in Long Blades
  1573 | D:3      | Reached XP level 4. HP: 23/37 MP: 4/4
  1752 | D:3      | Upgraded the game from 0.31-a0-542-gdc2a67831c to
                  | 0.31-a0-544-gceb718ecc6
  1771 | D:3      | Identified the ring "Hexkuir" {rPois Str+2 Dex+3}
  1804 | D:3      | Reached skill level 3 in Fighting
  1843 | D:3      | Noticed Sigmund
  1848 | D:3      | Killed Sigmund
  1849 | D:3      | Reached XP level 5. HP: 45/45 MP: 5/5
  1895 | D:3      | Noticed Natasha
  1899 | D:3      | Killed Natasha
  1900 | D:3      | Reached XP level 6. HP: 51/51 MP: 6/6
  2217 | D:3      | Noticed Natasha
  2236 | D:3      | Killed Natasha
  2261 | D:3      | Noticed Natasha
  2281 | D:3      | Killed Natasha
  2644 | D:4      | Noticed Duvessa
  2644 | D:4      | Noticed Dowan
  2960 | D:4      | Killed Dowan
  2961 | D:4      | Reached skill level 4 in Fighting
  3075 | D:4      | Your scales start taking on an icy white colour.
  3075 | D:4      | Reached XP level 7. HP: 44/59 MP: 7/7
  3075 | D:4      | Gained mutation: Your flesh is cold resistant. (rC+) [White
                  | Draconian growth]
  3097 | D:5      | Entered Level 5 of the Dungeon
  3123 | D:4      | Noticed Blork the orc
  3133 | D:4      | Killed Blork the orc
  3134 | D:4      | Reached skill level 5 in Stealth
  3380 | D:4      | Killed Duvessa
  3958 | D:4      | Noticed Pikel
  3973 | D:4      | Killed Pikel
  3974 | D:4      | Reached skill level 5 in Fighting
  3974 | D:4      | Reached XP level 8. HP: 51/68 MP: 8/8
  4482 | D:5      | Noticed Ijyb
  4498 | D:5      | Killed Ijyb
  4937 | D:5      | Found a staircase to the Ecumenical Temple.
  4951 | Temple   | Entered the Ecumenical Temple
  5025 | Temple   | Became a worshipper of Warmaster Okawaru
  5277 | D:5      | Reached skill level 1 in Invocations
  5904 | D:5      | Reached skill level 5 in Long Blades
  5945 | D:5      | Found a basalt altar of Yredelemnul.
  5962 | D:5      | Reached * piety under Okawaru
  6013 | D:5      | Reached XP level 9. HP: 74/74 MP: 12/12
  6332 | D:6      | Found Lanoclaz's Firing Range.
  6407 | D:6      | Bought 6 curare-tipped darts for 93 gold pieces
  6769 | D:6      | Reached skill level 5 in Invocations
  6993 | D:6      | Found a shadowy altar of Dithmenos.
  6997 | D:6      | Reached ** piety under Okawaru
  7794 | D:6      | Reached *** piety under Okawaru
  8027 | D:7      | Reached XP level 10. HP: 68/81 MP: 14/14
  8230 | D:7      | Reached **** piety under Okawaru
  8308 | D:7      | Reached skill level 10 in Long Blades
  8724 | D:7      | You are sucked into a shaft and drop 3 floors!
  8724 | D:10     | Entered Level 10 of the Dungeon
  8732 | D:10     | Found a white marble altar of Elyvilon.
  8769 | D:9      | Found a transporter.
  8774 | D:9      | Received a gift from Okawaru
  8987 | D:9      | Found a transporter.
  9134 | D:8      | Identified the +10 mace "Laoxodda" {flame, rN++}
  9277 | D:8      | Found a flagged portal.
  9305 | Bailey   | Entered a bailey
  9353 | Bailey   | Reached ***** piety under Okawaru
  9588 | Bailey   | Noticed an orc knight
  9723 | Bailey   | Killed an orc knight
  9940 | Bailey   | Reached skill level 15 in Long Blades
  9940 | Bailey   | Reached XP level 11. HP: 63/88 MP: 15/15
 10198 | D:8      | Found a staircase to the Lair.
 10343 | D:8      | Reached XP level 12. HP: 53/94 MP: 16/16
 10535 | D:8      | Noticed a centaur warrior
 10542 | D:8      | Killed a centaur warrior
 11517 | D:7      | Reached ****** piety under Okawaru
 12060 | D:9      | Identified the amulet "Yceib" {Spirit Str+3}
 12709 | D:10     | Found a blossoming altar of Fedhas.
 12709 | D:10     | Found a snail-covered altar of Cheibriados.
 13849 | D:11     | Found a staircase to the Orcish Mines.
 14245 | D:11     | Received a gift from Okawaru
 14256 | Arena    | Entered the Arena
 14293 | D:11     | Paralysed by an orc priest for 5 turns
 14507 | D:11     | Noticed a two-headed ogre
 14524 | D:11     | Killed a two-headed ogre
 14733 | D:11     | Noticed a two-headed ogre
 14745 | D:11     | Killed a two-headed ogre
 15164 | D:11     | Found the +12 pair of quick blades "Gyre" and "Gimble"
                  | {protect}
 15754 | D:12     | Reached XP level 13. HP: 72/101 MP: 17/17
 16716 | D:12     | Received a gift from Okawaru
 16841 | D:12     | Reached XP level 14. HP: 107/107 MP: 18/18
 17528 | D:12     | Noticed Maurice
 17924 | D:12     | Killed Maurice
 19194 | Lair:1   | Entered Level 1 of the Lair of Beasts
 19316 | Lair:1   | Identified the scarf of Utism {+Inv, rPois rF+ Int+2 Dex+3}
                  | (Okawaru gifted it to you on level 1 of the Lair of Beasts)
 19316 | Lair:1   | Received a gift from Okawaru
 19411 | Lair:1   | Reached skill level 6 in Fighting
 19644 | Lair:1   | Noticed Maggie
 19651 | Lair:1   | Killed Maggie
 19766 | Lair:1   | Noticed Sonja
 19770 | Lair:1   | Killed Sonja
 20117 | Lair:1   | Noticed Erica
 20140 | Lair:1   | Killed Erica
 20141 | Lair:1   | Reached skill level 7 in Fighting
 20164 | Lair:1   | Reached skill level 5 in Dodging
 20621 | Lair:2   | Found a hole to the Spider Nest.
 20626 | Lair:2   | Reached skill level 10 in Stealth
 20628 | Lair:2   | Reached skill level 8 in Fighting
 20885 | Lair:2   | Noticed Gastronok
 20898 | Lair:2   | Killed Gastronok
 20989 | Lair:2   | Found a staircase to the Swamp.
 21202 | Lair:2   | Noticed Fannar
 21215 | Lair:2   | Killed Fannar
 21215 | Lair:2   | Received a gift from Okawaru
 21884 | Lair:3   | Noticed Nergalle
 21893 | Lair:3   | Killed Nergalle
 21894 | Lair:3   | Reached skill level 9 in Fighting
 21941 | Lair:3   | Noticed Amaemon
 21953 | Lair:3   | Killed Amaemon
 22313 | Lair:3   | Reached XP level 15. HP: 126/126 MP: 19/19
 22645 | Lair:4   | Reached skill level 10 in Fighting
 22826 | Lair:4   | Received a gift from Okawaru
 23038 | Lair:4   | Reached skill level 11 in Fighting
 23559 | Lair:5   | Entered Level 5 of the Lair of Beasts
 23608 | Lair:5   | Found a broken altar of Ashenzari.
 23907 | Lair:5   | Found a staircase to the Slime Pits.
 24154 | Lair:5   | Received a gift from Okawaru
 24199 | Lair:5   | Reached skill level 12 in Fighting
 24327 | Lair:5   | Reached skill level 1 in Evocations
 24568 | Lair:5   | Found a corrupted altar of Lugonu.
 24568 | Lair:5   | Found a one-way gate to the infinite horrors of the Abyss.
 24846 | Orc:1    | Entered Level 1 of the Orcish Mines
 25112 | Orc:2    | Entered Level 2 of the Orcish Mines
 25248 | Orc:2    | Noticed bahustanut's ghost (journeyman OgGl)
 25292 | Orc:2    | Found a transporter.
 25303 | Orc:2    | Found a staircase to the Elven Halls.
 25717 | Orc:2    | Found a transporter.
 25989 | Orc:2    | Found Caobi's Antique Armour Boutique.
 26126 | Orc:2    | Found Afubona's Book Boutique.
 26164 | Orc:2    | Reached skill level 13 in Fighting
 26166 | Orc:2    | Found Toymott's Assorted Antiques.
 26172 | Orc:2    | Bought a maw talisman for 1520 gold pieces
 26183 | Orc:2    | Identified the +0 demon blade "Jafua" {venom, rElec}
                  | (Okawaru gifted it to you on level 2 of the Orcish Mines)
 26183 | Orc:2    | Received a gift from Okawaru
 26301 | Orc:2    | Found Udarphos's Magic Scroll Shop.
 26384 | Orc:2    | Killed bahustanut's ghost
 26385 | Orc:2    | Reached XP level 16. HP: 133/137 MP: 14/20
 26388 | Orc:2    | Got the ring of the Immovable Mice {rElec Int+3 Dex+6}
 26572 | Orc:1    | Reached skill level 5 in Evocations
 26647 | Orc:1    | Found a runed translucent door.
 26650 | Orc:1    | Noticed Etoax's ghost (journeyman GrFi)
 26770 | Orc:1    | Killed Etoax's ghost
 26771 | Orc:1    | Reached skill level 1 in Shapeshifting
 27040 | D:13     | Found a shadowy altar of Dithmenos.
 27516 | D:13     | Found Nipnawa's Magic Scroll Boutique.
 28209 | D:14     | Found a gate to the Vaults.
 28401 | D:14     | Found a blossoming altar of Fedhas.
 28581 | D:14     | Reached skill level 5 in Shapeshifting
 28717 | D:14     | Received a gift from Okawaru
 29092 | D:14     | Found an ornate altar of the Wu Jian Council.
 29348 | D:15     | Entered Level 15 of the Dungeon
 29360 | D:15     | Noticed Rupert
 29377 | D:15     | Killed Rupert
 29758 | D:15     | Found a portal to a secret trove of treasure.
 29786 | Trove    | Entered a treasure trove
 29816 | Trove    | Identified the +3 kite shield of Happy Babbling {rElec
                  | rPois rF- SInv}
 29818 | Trove    | Identified the scarf of Absence {+Inv, rCorr Int+4}
 29849 | Trove    | Found the amulet of Vitality {RegenMP++ Regen++}
 29850 | Trove    | Identified the ring "Jugge" {rPois Dex+3}
 29853 | Trove    | Identified the ring "Nipe" {*Corrode +Blink rF+ Int+2
                  | Dex+6}
 29854 | Trove    | Identified the amulet "Hahatwyot" {rElec rC+ Regen+}
 30044 | D:13     | Bought a scroll of acquirement for 572 gold pieces
 30044 | D:13     | Acquired 732 gold pieces
 30243 | D:15     | Noticed a sphinx
 30338 | D:15     | Noticed a tengu reaver
 30345 | D:15     | Killed a tengu reaver
 30380 | D:15     | Killed a sphinx
 30548 | D:15     | Noticed Nessos
 30561 | D:15     | Killed Nessos
 30704 | D:15     | Found a staircase to the Depths.
 30790 | D:15     | Found a glowing golden altar of the Shining One.
 30995 | Swamp:1  | Entered Level 1 of the Swamp
 31493 | Swamp:2  | Identified the +9 rapier "Dami" {speed, *Noise rElec rC++}
 31650 | Swamp:2  | Reached skill level 10 in Shapeshifting
 31700 | Swamp:2  | Found a runed translucent door.
 31725 | Swamp:2  | Noticed Demosthentine's ghost (adept DsGl)
 31834 | Swamp:2  | Reached XP level 17. HP: 150/150 MP: 21/21
 31886 | Swamp:2  | Killed Demosthentine's ghost
 31938 | Swamp:3  | Received a gift from Okawaru
 32530 | Swamp:4  | Entered Level 4 of the Swamp
 32551 | Swamp:4  | Paralysed by a fenstrider witch for 2 turns
 32608 | Swamp:4  | Noticed a tentacled monstrosity
 32619 | Swamp:4  | Killed a tentacled monstrosity
 32637 | Swamp:4  | Received a gift from Okawaru
 32686 | Swamp:4  | Reached skill level 14 in Fighting
 33007 | Swamp:4  | Received a gift from Okawaru
 33644 | Swamp:4  | Got a decaying rune of Zot
 33898 | Swamp:4  | Identified the +6 flail "Fotuily" {venom, Int+2}
 34073 | Spider:1 | Entered Level 1 of the Spider Nest
 34503 | Spider:1 | Reached XP level 18. HP: 161/161 MP: 23/23
 35748 | Spider:2 | You are sucked into a shaft and drop 1 floor!
 35824 | Spider:3 | Reached skill level 15 in Fighting
 35893 | Spider:3 | Identified the +1 buckler of the Supporting Gods {rPois}
                  | (Okawaru gifted it to you on level 3 of the Spider Nest)
 35893 | Spider:3 | Received a gift from Okawaru
 36905 | Spider:4 | Entered Level 4 of the Spider Nest
 37628 | Spider:4 | Reached skill level 10 in Invocations
 37628 | Spider:4 | Reached XP level 19. HP: 133/171 MP: 11/26
 37659 | Spider:4 | Got a gossamer rune of Zot
 38034 | Vaults:1 | Entered Level 1 of the Vaults
 38044 | Vaults:1 | Received a gift from Okawaru
 38117 | Vaults:1 | You are sucked into a shaft and drop 1 floor!
 38119 | Vaults:2 | Reached skill level 10 in Dodging
 38239 | Vaults:2 | Reached skill level 10 in Evocations
 38246 | Vaults:2 | Noticed a golden dragon
 38252 | Vaults:2 | Killed a golden dragon
 38359 | Vaults:2 | Reached skill level 16 in Fighting
 38611 | Vaults:2 | Received a gift from Okawaru
 38743 | Vaults:2 | Reached XP level 20. HP: 181/181 MP: 28/28
 39268 | Vaults:1 | Found Ymutybb's Armour Shop.
 39353 | Vaults:1 | Found Ucanucworo's Armour Shop.
 39834 | Vaults:1 | Found Jiol's Antique Weapon Shoppe.
 40050 | Vaults:1 | Found Qumpixes's Assorted Antiques.
 40096 | Vaults:1 | Found Tonakludia's General Store.
 40106 | Vaults:1 | Bought the ring of Basom {rPois rF+ rC+ MP+9 Stlth+} for
                  | 877 gold pieces
 40106 | Vaults:1 | Bought 2 potions of haste for 280 gold pieces
 40110 | Vaults:1 | Learned a level 1 spell: Apportation
 40114 | Vaults:1 | Learned a level 3 spell: Vhi's Electric Charge
 40117 | Vaults:1 | Learned a level 2 spell: Wereblood
 40123 | Vaults:1 | Learned a level 5 spell: Borgnjor's Vile Clutch
 40128 | Vaults:1 | Learned a level 4 spell: Manifold Assault
 40132 | Vaults:1 | Learned a level 3 spell: Swiftness
 40351 | Vaults:2 | Found a staircase to the Crypt.
 41207 | Vaults:2 | Reached skill level 1 in Air Magic
 41426 | Vaults:3 | Reached skill level 1 in Translocations
 41528 | Vaults:3 | Received a gift from Okawaru
 41528 | Vaults:3 | Found the +11 plutonium sword {Contam Stlth-}
 41564 | Vaults:3 | Reached skill level 17 in Fighting
 41579 | Vaults:3 | Noticed Frederick
 41596 | Vaults:3 | Killed Frederick
 41985 | Vaults:3 | Received a gift from Okawaru
 42197 | Vaults:3 | Reached XP level 21. HP: 173/192 MP: 29/29
 42832 | Vaults:4 | Received a gift from Okawaru
 42882 | Vaults:4 | Got the Cyclopedia of Dislocation and the Torch
 43156 | Vaults:4 | Received a gift from Okawaru
 44006 | Depths:1 | Entered Level 1 of the Depths
 44014 | Depths:1 | Found Qeteim's Armour Boutique.
 44018 | Depths:1 | Found Vibyng's Antique Armour Boutique.
 44186 | Depths:1 | You are sucked into a shaft and drop 1 floor!
 44209 | Depths:2 | Reached skill level 18 in Fighting
 44408 | Depths:2 | Found a one-way gate leading to the halls of Pandemonium.
 44412 | Depths:2 | Reached skill level 5 in Translocations
 44610 | Depths:2 | Found a one-way gateway to a ziggurat.
 44638 | Depths:2 | Received a gift from Okawaru
 44730 | Depths:2 | Found a corrupted altar of Lugonu.
 44903 | Depths:2 | Found a gateway to Hell.
 45472 | Depths:1 | Identified the scarf of the Beggar {repulsion, rF+ Will+}
                  | (Okawaru gifted it to you on level 1 of the Depths)
 45472 | Depths:1 | Received a gift from Okawaru
 45478 | Depths:1 | Reached XP level 22. HP: 204/204 MP: 31/31
 45597 | Abyss:2  | Cast into level 2 of the Abyss (a wizard)
 45739 | Depths:1 | Escaped the Abyss
 45976 | Depths:1 | Noticed Fatiu's ghost (master DjIE)
 45978 | Depths:1 | Found a transporter.
 45983 | Depths:1 | Identified the +0 giant spiked club "Hoang" {heavy, rElec
                  | Dex+3 SInv}
 45989 | Depths:1 | Found a transporter.
 46693 | Depths:1 | Identified the +7 great mace of Responsibility {flame,
                  | Str+3}
 46714 | Depths:1 | Reached skill level 19 in Fighting
 46726 | Depths:1 | Killed Fatiu's ghost
 46731 | Arena    | Entered the Arena
 46776 | Depths:1 | Identified the +3 morningstar "Demonslayer" {flame, Int+7
                  | Stlth-}
 46778 | Depths:1 | Identified the ring "Xieqa" {rF++ rC+}
 46927 | Depths:2 | Found a sacrificial altar of Ru.
 47082 | Depths:3 | Gained mutation: You have hidden genetic potential. [a
                  | cacodemon]
 47084 | Depths:3 | Gained mutation: You do not regenerate when monsters are
                  | visible. [a cacodemon]
 47219 | Depths:3 | Noticed Boris
 47227 | Depths:3 | Killed Boris
 47421 | Depths:3 | Noticed a golden dragon
 47424 | Depths:3 | Killed a golden dragon
 47425 | Depths:3 | Reached skill level 15 in Shapeshifting
 47543 | Depths:3 | Found a viscous altar of Jiyva.
 47734 | Depths:3 | Identified the +5 great sword of Okawaru's Wrath {flame,
                  | rN++} (Okawaru gifted it to you on level 3 of the Depths)
 47734 | Depths:3 | Received a gift from Okawaru
 47781 | Depths:3 | Gained mutation: Your magical capacity is low. (-10% MP) [a
                  | shining eye]
 47864 | Depths:3 | Noticed Norris
 47873 | Depths:3 | Killed Norris
 48032 | Depths:3 | Found a white marble altar of Elyvilon.
 48154 | Depths:3 | Noticed Saint Roka
 48164 | Depths:3 | Killed Saint Roka
 48379 | Depths:4 | Entered Level 4 of the Depths
 48526 | Depths:4 | Found Nuujif's Vocational Training.
 48528 | Depths:4 | Noticed a juggernaut
 48537 | Depths:4 | Killed a juggernaut
 48544 | Depths:4 | Identified the +1 hat "Pelilo" {rPois rCorr} (Okawaru
                  | gifted it to you on level 4 of the Depths)
 48544 | Depths:4 | Received a gift from Okawaru
 48594 | Depths:4 | Gained mutation: Your magical capacity is very low. (-20%
                  | MP) [a cacodemon]
 48645 | Depths:4 | Reached skill level 20 in Fighting
 48997 | Depths:4 | Reached XP level 23. HP: 215/215 MP: 26/26
 49118 | Depths:4 | Found a gate to the Realm of Zot.
 49902 | Elf:1    | Entered Level 1 of the Elven Halls
 49902 | Elf:1    | Found a runed translucent gate.
 49902 | Elf:1    | Found a runed translucent gate.
 49902 | Elf:1    | Found a runed translucent gate.
 49902 | Elf:1    | Found a runed translucent gate.
 49902 | Elf:1    | Found a runed translucent gate.
 49902 | Elf:1    | Found a runed translucent gate.
 49903 | Elf:1    | Found a runed translucent door.
 49919 | Elf:1    | Found a runed translucent door.
 49928 | Elf:1    | Got Sif Muna's Precepts of Baleful Concussion
 50003 | Elf:1    | Identified the +7 scimitar of Res Judicata {freeze, rPois
                  | Str+3} (Okawaru gifted it to you on level 1 of the Elven
                  | Halls)
 50003 | Elf:1    | Received a gift from Okawaru
 50047 | Elf:1    | Lost mutation: You do not regenerate when monsters are
                  | visible. [hidden potential]
 50153 | Elf:1    | Found a runed translucent gate.
 50153 | Elf:1    | Found a runed translucent gate.
 50153 | Elf:1    | Found a runed translucent gate.
 50153 | Elf:1    | Found a runed translucent gate.
 50153 | Elf:1    | Found a runed translucent gate.
 50154 | Elf:1    | Found a runed translucent gate.
 51079 | Elf:2    | Found a huge runed translucent gate.
 51079 | Elf:2    | Found a huge runed translucent gate.
 51079 | Elf:2    | Found a huge runed translucent gate.
 51084 | Elf:2    | Found a huge runed translucent gate.
 51086 | Elf:2    | Found a huge runed translucent gate.
 51582 | Elf:2    | Identified the +2 pair of boots of Shadows and Fog {rCorr
                  | Dex+3} (Okawaru gifted it to you on level 2 of the Elven
                  | Halls)
 51582 | Elf:2    | Received a gift from Okawaru
 52936 | Elf:3    | Entered Level 3 of the Elven Halls
 52994 | Elf:3    | Reached skill level 21 in Fighting
 53116 | Elf:3    | Identified the +1 falchion of Evolution {drain, MP+9 Int+2
                  | Stlth+}
 53194 | Elf:3    | Identified the amulet "Gidecuuzec" {Spirit rN+ Will+ Dex+3}
 53218 | Elf:3    | Identified the +5 chain mail of Omuwnebb {Str+2 Dex+4}
 53233 | Elf:3    | Reached XP level 24. HP: 228/228 MP: 21/27
 53252 | Elf:3    | Identified the +2 pair of boots of Entitlement {Will- Str+2
                  | Dex+5}
 53256 | Elf:3    | Got the Elucidation of Sculpting
 53259 | Elf:3    | Got Mithac's Grimoire of the Missiles and Breccia
 53382 | Elf:3    | Identified the +7 battleaxe "Xoxkupei" {protect, rN+ Int+3}
 53498 | Elf:3    | Got the Vellum of Places
 53507 | Elf:3    | Identified the +0 battleaxe of Brawling {chaos, rF+ Int+2
                  | Dex-4}
 53558 | Elf:3    | Identified the +6 spear of Roysarph {vamp, rF+ Dex+6}
 53673 | Elf:3    | Found a huge runed gate.
 53673 | Elf:3    | Found a huge runed gate.
 53673 | Elf:3    | Found a huge runed gate.
 53673 | Elf:3    | Found a huge runed gate.
 53673 | Elf:3    | Found a huge runed gate.
 53673 | Elf:3    | Found a huge runed gate.
 53680 | Elf:3    | Found a huge runed gate.
 53680 | Elf:3    | Found a huge runed gate.
 53683 | Elf:3    | Found a huge runed gate.
 53684 | Elf:3    | Found a huge runed gate.
 53685 | Elf:3    | Found a huge runed gate.
 53686 | Elf:3    | Found a huge runed gate.
 53687 | Elf:3    | Found a huge runed gate.
 53688 | Elf:3    | Found a huge runed gate.
 53689 | Elf:3    | Found a huge runed gate.
 53690 | Elf:3    | Found a huge runed gate.
 53707 | Elf:3    | Paralysed by an air elemental for 1 turns
 53713 | Elf:3    | Paralysed by an air elemental for 1 turns
 53715 | Elf:3    | Received a gift from Okawaru
 53716 | Elf:3    | Reached skill level 15 in Invocations
 53719 | Elf:3    | Reached skill level 10 in Translocations
 53720 | Arena    | Entered the Arena
 53751 | Elf:3    | Received a gift from Okawaru
 54509 | Slime:1  | Entered Level 1 of the Pits of Slime
 54526 | Slime:1  | Gained mutation: You are partially covered in large bone
                  | plates. (SH +4) [hidden potential]
 54526 | Slime:1  | Lost mutation: You have hidden genetic potential. [hidden
                  | potential expressed]
 54606 | Slime:3  | Noticed Dissolution
 54610 | Slime:3  | Killed Dissolution
 54638 | Slime:5  | Entered Level 5 of the Pits of Slime
 54665 | Slime:5  | Gained mutation: You are vulnerable to heat. (rF-) [a
                  | shining eye]
 54680 | Slime:5  | Found a viscous altar of Jiyva.
 54682 | Slime:5  | Noticed the Royal Jelly
 54692 | Slime:5  | Killed the Royal Jelly
 54693 | Slime:5  | Reached skill level 22 in Fighting
 54693 | Slime:5  | Reached skill level 1 in Necromancy
 54693 | Slime:5  | Reached skill level 1 in Transmutations
 54693 | Slime:5  | Reached skill level 1 in Earth Magic
 54734 | Slime:5  | Paralysed by a great orb of eyes for 5 turns
 54852 | Slime:5  | Identified the +0 ring mail of Spaghetti {Str+3}
 54922 | Slime:5  | Identified the +0 short sword of Cheibriados's Anger {elec,
                  | rN+ Str+2 Int-4}
 54943 | Slime:5  | Got a slimy rune of Zot
 54971 | Slime:5  | Identified the staff "Demonslayer" {Str+4 Dex-4 Earth}
 54986 | Slime:5  | Identified the +8 spear "Herhe" {freeze, rPois}
 55430 | Vaults:5 | Entered Level 5 of the Vaults
 55469 | Vaults:5 | Received a gift from Okawaru
 55494 | Vaults:5 | Received a gift from Okawaru
 55544 | Vaults:5 | Identified the +4 war axe "Widyam" {spect, Fly Will- Str+4}
 55546 | Vaults:5 | Identified the +1 buckler "Oppid" {rC+ Will+ Str+3}
                  | (Okawaru gifted it to you on level 5 of the Vaults)
 55546 | Vaults:5 | Received a gift from Okawaru
 55613 | Vaults:5 | Reached XP level 25. HP: 240/240 MP: 16/27
 55638 | Vaults:5 | Identified the +5 lajatang of Non Obstante Veredicto {elec,
                  | rF+}
 55720 | Vaults:5 | Identified the +6 shortbow "Jiziff" {flame, Str+3}
 55846 | Vaults:5 | Got a silver rune of Zot
 56002 | Vaults:5 | Noticed an ancient lich
 56017 | Vaults:5 | Killed an ancient lich
 57289 | Zot:1    | Entered Level 1 of the Realm of Zot
 57343 | Zot:1    | Reached skill level 5 in Transmutations
 57540 | Zot:1    | Received a gift from Okawaru
 57541 | Zot:1    | Reached skill level 23 in Fighting
 57667 | Zot:1    | Reached skill level 5 in Necromancy
 58016 | Zot:1    | Reached skill level 5 in Earth Magic
 58217 | Zot:1    | Got the Omnibus of Ectoplasm
 58569 | Zot:2    | Reached skill level 15 in Dodging
 58642 | Zot:2    | Noticed an orb of fire
 58643 | Zot:2    | Gained mutation: You are dopey. (Int -2) [an orb of fire]
 58650 | Zot:2    | Gained mutation: You have a somewhat thin skeletal
                  | structure. (Dex +2, Stealth+) [an orb of fire]
 58655 | Zot:2    | Gained mutation: You occasionally lose the ability to read
                  | scrolls when taking damage. [an orb of fire]
 58661 | Zot:2    | Killed an orb of fire
 59103 | Zot:3    | Noticed an orb of fire
 59118 | Zot:3    | Killed an orb of fire
 59190 | Zot:3    | Reached skill level 24 in Fighting
 59221 | Zot:3    | Identified the +0 cloak of Whack-A-Mole {rElec Int+3 Dex-5}
                  | (Okawaru gifted it to you on level 3 of the Realm of Zot)
 59221 | Zot:3    | Received a gift from Okawaru
 59552 | Zot:3    | Reached XP level 26. HP: 254/254 MP: 28/28
 60934 | Zot:4    | Noticed an orb of fire
 60944 | Zot:4    | Killed an orb of fire
 60945 | Zot:4    | Reached skill level 25 in Fighting
 61806 | Zot:5    | Entered Level 5 of the Realm of Zot
 61847 | Zot:5    | Received a gift from Okawaru
 62102 | Zot:5    | Noticed an ancient lich
 62103 | Zot:5    | Noticed a dread lich
 62105 | Zot:5    | Killed an ancient lich
 62109 | Zot:5    | Killed a dread lich
 62110 | Zot:5    | Reached skill level 26 in Fighting
 62121 | Zot:5    | Noticed an orb of fire
 62129 | Zot:5    | Killed an orb of fire
 62179 | Zot:5    | Received a gift from Okawaru
 62214 | Zot:5    | Noticed an ancient lich
 62217 | Zot:5    | Noticed a dread lich
 62218 | Zot:5    | Noticed an orb of fire
 62219 | Zot:5    | Noticed an orb of fire
 62221 | Zot:5    | Killed an ancient lich
 62221 | Zot:5    | Noticed a dread lich
 62230 | Zot:5    | Killed an orb of fire
 62236 | Zot:5    | Killed an orb of fire
 62237 | Zot:5    | Reached XP level 27. HP: 124/271 MP: 24/28
 62238 | Zot:5    | Received a gift from Okawaru
 62239 | Zot:5    | Reached skill level 27 in Fighting
 62240 | Zot:5    | Killed a dread lich
 62242 | Zot:5    | Noticed an ancient lich
 62243 | Zot:5    | Killed a dread lich
 62247 | Zot:5    | Received a gift from Okawaru
 62271 | Zot:5    | Killed an ancient lich
 62341 | Zot:5    | Got the Orb of Zot
 62449 | Zot:3    | Noticed Zuossel the pandemonium lord
 62461 | Zot:3    | Killed Zuossel the pandemonium lord
 62612 | Depths:2 | Noticed Miazihec the pandemonium lord
 62628 | Depths:2 | Killed Miazihec the pandemonium lord
 63128 | D:10     | Noticed Kulip the pandemonium lord
 63153 | D:8      | Noticed Viluap the pandemonium lord
 63157 | D:8      | Identified the scarf of Egalitarianism {harm, rF- rC+ rN+
                  | Int+2} (Okawaru gifted it to you on level 8 of the Dungeon)
 63157 | D:8      | Received a gift from Okawaru
 63162 | D:8      | Killed Viluap the pandemonium lord
 63349 | D:$      | Escaped with the Orb!

Illustrated notes

Levels and vault maps discovered:
D:1:      dpeg_arrival_tiny_i, layout_rooms
D:2:      layout_basic, roderic_roman_lattice
D:3:      layout_basic, skrybe_limestone_x, uniq_natasha, uniq_sigmund,
          uniq_jessica
D:4:      layout_basic, uniq_duvessa, uniq_pikel, uniq_blork_the_orc
D:5:      layout_basic, lemuel_mausoleum_altar_yredelemnul,
          minmay_temple_entry_wispy, uniq_ijyb
D:6:      kennysheep_windowed_halls, layout_loops_cross,
          mainiacjoe_overflow_chevrons, nicolae_shop_firing_range
D:7:      layout_basic
D:8:      layout_loops_ring, due_lair_maze_entry_diamond, enter_bailey_5,
          kennysheep_cross_room, minmay_manual_macuahuitl
D:9:      gammafunk_cloud_chamber, layout_cave_pools, minivault_14
D:10:     layout_roguey [special_room_kobold],
          chequers_temple_overflow_statue_of_worship,
          mainiacjoe_overflow_alcove_2
D:11:     layout_basic, david_orc_5, hellmonk_guarded_unrand_gyre_and_gimble
D:12:     layout_grid_maze, minmay_misc_feat_tower, uniq_maurice
D:13:     cheibrodos_magma_flow, layout_basic, serial_shops,
          nicolae_square_shop, minmay_fountain_box,
          nicolae_dithmenos_the_darkroom
D:14:     wad_river_or_something, layout_loops_corners,
          hellmonk_vaults_order_and_chaos, pdpol_wu_jian_five_deadly_venoms,
          fedhas_altar_3
D:15:     grunt_enter_depths_snipers, layout_cave_pools, enter_trove_1,
          tso_altar, minmay_diamond_spiral, uniq_rupert, uniq_nessos
Temple:   sentei_temple_godly_chess
Lair:1:   layout_gridlike, serial_bayou_pond_c, uniq_maggie, uniq_sonja,
          uniq_erica
Lair:2:   layout_regular_city, minmay_swamp_entry_worms,
          nicolae_spider_entry_lesser_pyramids, minivault_26,
          beast_lair_carwin_9, grunt_megastairs_5, uniq_fannar, uniq_gastronok
Lair:3:   layout_roguey, uniq_nergalle, uniq_amaemon
Lair:4:   layout_regular_city, serial_forest, infiniplex_forest_lined_room_2,
          infiniplex_forest_lined_corner, infiniplex_forest_lined_2,
          infiniplex_forest_clump_curved, infiniplex_forest_3_way,
          infiniplex_forest_lined_room_2, infiniplex_forest_zigzag_1,
          infiniplex_forest_clump_large
Lair:5:   hellmonk_lair_end_abyssal_woods, layout_hall_layers,
          nicolae_slime_entry_field_trip, basic_altar
Swamp:1:  layout_basic_swamp, nicolae_swamp_oxbows
Swamp:2:  layout_basic_swamp, gammafunk_ghost_grave,
          evilmike_swamp_ruin_house_2, swamp_pool4
Swamp:3:  layout_falls_marsh, evilmike_swamp_ruin_wall
Swamp:4:  nzn_swamp_witches_coven, layout_basic_swamp
Spider:1: layout_spider_delve
Spider:2: layout_cave_pods
Spider:3: layout_spider_delve
Spider:4: spider_rune_water
Slime:1:  layout_caves
Slime:2:  layout_caves, nicolae_slime_phagocytosis
Slime:3:  cheibrodos_slime_lost_civilization_1, layout_caves, basic_altar,
          dissolution_awaits, uniq_dissolution
Slime:4:  layout_caves
Slime:5:  slime_pit
Orc:1:    layout_caves, ebering_ghost_inner_flame, uniq_snorg
Orc:2:    hellmonk_orc_salted, layout_caves, gammafunk_ghost_stat_death
Elf:1:    nicolae_elf_arrival_dilemma, layout_geoelf_octagon, special_room
          [special_room_mythical_zoo], orc_legates, corexii_leaking_fountain,
          minivault_5, onia_ninara_cookie
Elf:2:    elven_hall_of_blades_hangedman_alternative [grunt_blade_entry_basic],
          layout_geoelf_diagonals
Elf:3:    nooodl_elf_gasket, layout_loops_corners, door_vault
Vaults:1: ontoclasm_vaults_chip, nicolae_vaults_tetromino_L_1,
          grunt_vaults_hallway_short, nicolae_vaults_storage_room_statues,
          nicolae_vaults_six-pack, nicolae_vaults_six-pack,
          vaults_room_hangedman_quadrants, nicolae_vaults_house_1,
          layout_vaults_omnigrid, serial_shops, nicolae_shop_back_alley_shop,
          shop, shop, nicolae_shop_tiny_real_fake_doors,
          nicolae_shop_tiny_real_fake_doors
Vaults:2: nicolae_vaults_twisting_passages, hangedman_vaults_trim,
          vaults_room_semicircle, vaults_room_fancy_cross,
          vaults_room_door_hall, v_alt_pattern_2, minmay_crypt_entry_simple_box,
          nicolae_vaults_antechamber_and_loot_room,
          nicolae_vaults_little_squares_3, serial_ice_g,
          layout_vaults_chaotic_city
Vaults:3: hangedman_vaults_unwind, nicolae_vaults_ring_of_whatevers,
          nicolae_vaults_swerve, nicolae_vaults_tetromino_T_2,
          nicolae_vaults_shrinking_rooms_1, v_misc_1, ontoclasm_vaults_gateway,
          nicolae_vaults_wine_cellar, nicolae_vaults_yaktaur_gun_rack, st_eye,
          dpeg_vaults_monster_box, ontoclasm_vaults_claustrophobia,
          hangedman_vaults_stretched_pinwheel, vaults_dpeg_emergency_exit,
          v_misc_25, nicolae_vaults_tetromino_Z_1,
          nicolae_vaults_little_squares_2, layout_vaults_maze, uniq_frederick
Vaults:4: nicolae_vaults_closet_pinwheel_5, ontoclasm_vaults_idyll, v_misc_23,
          nicolae_vaults_door_testing_chamber, nicolae_vaults_diamond_1,
          v_misc_16, v_misc_26, nicolae_vaults_heart-shaped_vault,
          nicolae_vaults_trapezoid_layered, grunt_vaults_bifocal,
          nicolae_vaults_storage_closets_3, v_misc_11,
          nicolae_vaults_trapezoid_1, nicolae_vaults_little_squares_6,
          layout_vaults_omnibox
Vaults:5
Depths:1: layout_basic, hangedman_decor_lopped, hangedman_geh_valley,
          abyss_entry, gammafunk_ghost_smash, pan_entry,
          nicolae_twisty_statue_hallways, minmay_shop_star
Depths:2: hangedman_screamer, layout_cave_pools, enter_ziggurat_d,
          abyss_entry_flame_altar, grunt_hell_entry_dis_grunt,
          grunt_pan_entry_spiral, nicolae_ru_the_path_less_chosen,
          evilmike_ambush [evilmike_ambush_outer_basic,
          evilmike_ambush_inner_cross], infiniplex_staircase_door_maze
Depths:3: kennysheep_blocky_hall, layout_twisted_cross, hell_entry,
          nrook_mini_backslash, grunt_pan_entry_zigzag, special_room
          [special_room_jelly], abyss_entry, elyvilon_altar_3, uniq_saint_roka,
          uniq_norris, uniq_boris
Depths:4: grunt_twist_and_shout, layout_cave_pools, abyss_entry_crystal,
          rand_demon_pan_entry_3, serial_co_window_serial, co_window_corner_a,
          co_window_paths_a, co_window_of_opportunity_a, co_window_paths_a,
          co_window_paths_a, co_window_corner_b, co_window_corner_cb,
          co_window_paths_c, co_window_broadway_a, co_window_unsneaky_path_b,
          co_window_of_opportunity_b, glass_columns_b, hell_entry,
          minmay_misc_feat_plants, nicolae_shop_vocational
Zot:1:    layout_cathedral_of_symmetry
Zot:2:    layout_onion_interference
Zot:3:    kennysheep_six_static_rooms, layout_cathedral_of_symmetry
Zot:4:    layout_cathedral_of_symmetry
Zot:5:    layout_onion

Skill      XL: |  1  2  3  4  5  6  7  8  9 10 11 12 13 14 15 16 17 18 19 20 21 22 23 24 25 26 27 |
---------------+----------------------------------------------------------------------------------+-----
Dodging        | 1 2 3 4 6 8 9 10 11 12 13 14 15 17 19 | 19.2
Throwing       | 2 3 4 |  4.5
Stealth        | 4 5 6 8 10 11 12 | 12.0
Long Blades    | 1 2 4 5 9 15 18 | 18.4
Fighting       | 3 4 5 9 13 14 15 16 17 18 20 21 22 24 26 27 | 27.0
Invocations    | 4 6 7 10 11 12 13 14 15 16 | 16.0
Short Blades   | 6 7 |  7.3
Evocations     | 4 5 8 9 10 12 | 12.5
Shapeshifting  | 10 11 12 13 14 15 16 17 18 | 18.0
Air Magic      | 3 4 |  4.0
Translocations | 3 5 8 9 10 | 10.0
Necromancy     | 3 7 8 |  8.0
Transmutations | 3 6 |  6.0
Earth Magic    | 3 6 |  6.0

Action                     |  1- 3 |  4- 6 |  7- 9 | 10-12 | 13-15 | 16-18 | 19-21 | 22-24 | 25-27 || total
---------------------------+-------+-------+-------+-------+-------+-------+-------+-------+-------++-------
  Melee: Dagger            |    59 |   100 |   249 |       |       |       |       |       |       ||   408
         Tailslap          |    15 |    11 |    89 |    73 |   390 |   514 |   744 |   840 |   788 ||  3464
         Long sword        |    40 |     4 |       |       |       |       |       |       |       ||    44
         Punch             |     1 |     1 |     5 |     2 |       |       |       |       |       ||     9
         Scimitar          |       |       |   160 |    98 |       |       |       |       |       ||   258
         Great sword       |       |       |       |   386 |       |       |       |       |       ||   386
         Pair of quick bla |       |       |       |    15 |  1673 |  2151 |  2264 |  2891 |  2443 || 11437
         Maw               |       |       |       |       |       |   431 |   851 |   963 |   831 ||  3076
  Throw: Javelin           |       |       |     2 |     1 |     4 |       |       |       |       ||     7
         Dart              |       |       |       |     6 |    12 |     4 |       |       |       ||    22
   Cast: Vhi's Electric Ch |       |       |       |       |       |       |     9 |    84 |    28 ||   121
         Manifold Assault  |       |       |       |       |       |       |       |     9 |     2 ||    11
         Borgnjor's Vile C |       |       |       |       |       |       |       |       |     1 ||     1
 Invoke: Heroism           |       |       |       |     2 |     1 |       |     2 |    10 |     4 ||    19
         Duel              |       |       |       |     1 |       |       |       |     2 |       ||     3
         Finesse           |       |       |       |       |     1 |       |     1 |     4 |     2 ||     8
Ability: Breathe Frost     |       |       |    14 |    12 |     2 |     1 |       |     1 |       ||    30
  Evoke: Wand              |       |       |     3 |    14 |     4 |     1 |     1 |       |       ||    23
    Use: Scroll            |       |     5 |     5 |     7 |     5 |     7 |     1 |     4 |       ||    34
         Potion            |       |     3 |       |     2 |     1 |     1 |     3 |     9 |     7 ||    26
   Stab: Sleeping          |     3 |     2 |     9 |    13 |    29 |    52 |    19 |    22 |    11 ||   160
         Distracted        |     1 |       |       |     6 |     7 |     8 |     6 |     7 |     4 ||    39
         Paralysed         |       |       |       |       |       |     1 |       |       |       ||     1
 Armour: Skin              |    31 |    28 |   118 |   169 |   162 |   186 |   166 |   196 |   151 ||  1207
  Dodge: Dodged            |    53 |    64 |   264 |   321 |   327 |   404 |   515 |   715 |   547 ||  3210
         Repelled          |       |       |       |       |       |       |       |    32 |    23 ||    55
  Block: Other             |       |       |       |       |       |       |       |    25 |    52 ||    77
   Form: Maw               |       |       |       |       |       |     1 |       |       |       ||     1

Table legend: (Time is in decaauts)
 A = Elapsed time spent in this place.
 B = Non-inter-level travel time spent in this place.
 C = Inter-level travel time spent in this place.
 D = Time resting spent in this place.
 E = Time spent auto-exploring this place.
 F = Levels seen in this place.
 G = Mean time per level.
                   A        B        C        D        E       F      G
               +--------+--------+--------+--------+--------+-----+--------+
         Total |  61522 |  55334 |   6188 |   3478 |  38500 |  59 | 1042.7 |
       Dungeon |  23562 |  20629 |   2933 |   1784 |  14350 |  15 | 1570.8 |
        Temple |     78 |     78 |      0 |      0 |      0 |   1 |   78.0 |
          Lair |   5751 |   5217 |    534 |     45 |   4165 |   5 | 1150.2 |
         Swamp |   2910 |   2744 |    166 |    607 |   1550 |   4 |  727.5 |
   Spider Nest |   3650 |   3467 |    183 |     53 |   2795 |   4 |  912.5 |
    Slime Pits |    519 |    471 |     48 |     74 |     38 |   5 |  103.8 |
  Orcish Mines |   2220 |   1837 |    383 |    225 |   1180 |   2 | 1110.0 |
   Elven Halls |   3355 |   3072 |    283 |    104 |   1948 |   3 | 1118.3 |
        Vaults |   7731 |   6830 |    901 |    150 |   4919 |   5 | 1546.2 |
        Depths |   5627 |   5120 |    507 |    108 |   3750 |   4 | 1406.8 |
           Zot |   4917 |   4671 |    246 |      0 |   3556 |   5 |  983.4 |
         Abyss |    138 |    138 |      0 |      0 |      0 |   1 |  138.0 |
         Trove |    148 |    148 |      0 |      0 |     38 |   1 |  148.0 |
        Bailey |    844 |    844 |      0 |    325 |    210 |   1 |  844.0 |
         Arena |     65 |     65 |      0 |      3 |      0 |   3 |   21.7 |
               +--------+--------+--------+--------+--------+-----+--------+

Top non-repeatable levels by time:
    D:12: 3633 daAuts
Vaults:2: 2288 daAuts
    D:11: 2202 daAuts
     D:4: 1794 daAuts
     D:5: 1779 daAuts
     D:8: 1715 daAuts
     D:6: 1699 daAuts
Depths:1: 1620 daAuts
     D:9: 1608 daAuts
  Lair:2: 1554 daAuts
Vaults:3: 1516 daAuts
    D:14: 1498 daAuts
   Orc:2: 1497 daAuts
   Zot:3: 1463 daAuts
Vaults:5: 1453 daAuts
